 Dungeon Crawl Stone Soup version 0.29.0-11-gd7f09526c8 (webtiles) character file.

Game seed: 17636953626008875985

360 xian the Changer (level 6, -7/48 HPs)
             Began as a Minotaur Wanderer on Sept 5, 2022.
             Mangled by an ice beast (14 damage)
             ... on level 4 of the Dungeon.
             The game lasted 00:17:09 (5099 turns).

xian the Changer (Minotaur Wanderer)                Turns: 5099, Time: 00:17:11

Health: -7/48      AC:  3    Str: 16    XL:     6   Next: 38%
Magic:  3/6        EV: 12    Int: 13    God:
Gold:   179        SH:  5    Dex:  8    Spells: 3/7 levels left

rFire   . . .      SeeInvis .   v - +1 dagger (venom)
rCold   . . .      Faith    .   (no shield)
rNeg    . . .      Spirit   .   d - +0 leather armour
rPois   .          Reflect  +   (helmet restricted)
rElec   .          Harm     .   (no cloak)
rCorr   .          Rampage  .   (no gloves)
Will    .....                   (no boots)
Stlth   +.........              f - amulet of reflection
HPRegen 0.16/turn               (no ring)
MPRegen 0.10/turn               (no ring)

@: no status effects
A: horns 2, retaliatory headbutt
a: no special abilities


You were on level 4 of the Dungeon.
You visited 2 branches of the dungeon, and saw 5 of its levels.

You collected 179 gold pieces.

Inventory:

Hand Weapons
 q - a +0 flail
 v - a +1 dagger of venom (weapon)
Missiles
 u - a throwing net
 B - 3 poisoned darts
Armour
 d - a +0 leather armour (worn)
Jewellery
 f - an amulet of reflection (around neck)
 k - an amulet of magic regeneration
 A - an amulet of the acrobat
Wands
 w - a wand of charming (8)
Scrolls
 e - a scroll of teleportation
 i - a scroll of enchant weapon {unknown}
 j - 10 scrolls of identify {unknown}
 l - a scroll of amnesia {unknown}
 m - a scroll of immolation {unknown}
 p - a scroll of poison {unknown}
 t - a scroll of vulnerability {unknown}
 y - a scroll of enchant armour {unknown}
 z - a scroll of butterflies {unknown}
Potions
 a - a potion of magic {unknown}
 b - a potion of curing
 c - 2 potions of mutation
 g - 2 potions of heal wounds {unknown}
 h - 2 potions of attraction {unknown}
 n - 3 potions of flight {unknown}
 o - a potion of brilliance {unknown}
 r - 2 potions of ambrosia {unknown}
 s - a potion of degeneration {unknown}
 x - a potion of cancellation {unknown}


   Skills:
 + Level 2.2 Fighting
 + Level 0.8 Short Blades
 + Level 2.8 Maces & Flails
 + Level 2.8 Armour
 + Level 3.1 Dodging
 + Level 0.3 Stealth
 + Level 2.3 Shields
 + Level 2.7 Unarmed Combat
 + Level 1.3 Spellcasting
 + Level 3.7 Transmutations
 + Level 0.2 Poison Magic
 + Level 1.0 Evocations


You had 3 spell levels left.
You knew the following spells:

 Your Spells              Type           Power      Damage    Failure   Level
a - Sting                 Tmut/Pois      24%        1d4       14%         1
b - Spider Form           Tmut/Pois      6%         N/A       38%         3

Your spell library contained the following spells:

 Spells                   Type           Power      Damage    Failure   Level
 Dazzling Flash           Conj/Hex       0%         N/A       69%         3
 Ice Form                 Ice/Tmut       5%         N/A       83%         4
 Iskenderun's Mystic Bla  Conj/Tloc      0%         2d3       97%         4
 Iskenderun's Battlesphe  Conj           0%         2d6       100%        5
 Iron Shot                Conj/Erth      0%         9d1       100%        6
 Starburst                Conj/Fire      0%         6d3       100%        6
 Spellforged Servitor     Conj/Summ      0%         N/A       100%        7


Dungeon Overview and Level Annotations

Branches:
Dungeon (4/15)             Temple (1/1) D:4

Altars:
Ashenzari
Cheibriados
Dithmenos
Elyvilon
Fedhas
Gozag
Kikubaaqudgha
Makhleb
Nemelex Xobeh
Ru
Sif Muna
Uskayaw
Vehumet
Xom
Yredelemnul

Shops:
D:4 :


Innate Abilities, Weirdness & Mutations

You have a pair of horns on your head.
You reflexively headbutt those who attack you in melee.


Message History

You throw a poisoned dart. The poisoned dart hits the ice beast.
Unknown command.
Aiming: Sting (safe; 14% risk of failure)
Press: ? - help, Q - select action, (/) - cycle Shift-Dir - straight line, f/p - ice beast
Aim: an ice beast (68% to hit)
The sting hits the ice beast but does no damage.
The ice beast is poisoned.
Aiming: Sting (safe; 14% risk of failure)
Press: ? - help, Q - select action, (/) - cycle Shift-Dir - straight line, f/p - ice beast
Aim: an ice beast (poisoned, 68% to hit)
The sting hits the ice beast but does no damage.
The ice beast looks even sicker.
Unknown command.
Aiming: Sting (safe; 14% risk of failure)
Press: ? - help, Q - select action, (/) - cycle Shift-Dir - straight line, f/p - ice beast
Aim: an ice beast (very poisoned, 68% to hit)
The sting hits the ice beast but does no damage.
The ice beast looks even sicker.
The ice beast hits you. The ice beast freezes you!
The ice beast attacks as you move away! The ice beast completely misses you.
You hit the ice beast.
The ice beast is moderately wounded.
You block the ice beast's attack.
You hit the ice beast but do no damage.
The ice beast is moderately wounded.
You block the ice beast's attack.
You barely miss the ice beast.
The ice beast is moderately wounded.
The ice beast hits you. The ice beast freezes you!
You closely miss the ice beast. You headbutt the ice beast!
The ice beast is severely wounded.
The ice beast hits you. The ice beast freezes you!
* * * LOW HITPOINT WARNING * * *
You hit the ice beast.
The ice beast looks as sick as possible!
The ice beast is almost dead.
The ice beast hits you.
* * * LOW HITPOINT WARNING * * *
The ice beast freezes you!
You die...

+.......'...# #.# #.
####+####..##
#.########. ..#.##
####....>..... #.#.#
#..>...#####.)
#(#.####.#...........
#.#........##.####...
#.######.####.# #...
#.######.# #.# ##..
#..Y@....# #.# ###
########## #.#
#.####### #........
#########


You could see an ice beast (extremely poisoned).

Vanquished Creatures
  A centaur (D:4)
  A wight (D:4)
  A jelly (D:4)
  An orc wizard (D:4)
  Robin (D:3)
  2 adders
  6 gnolls
  A worm (D:4)
  2 dart slugs
  8 ball pythons
  5 endoplasms
  2 giant cockroaches
  10 goblins
  10 hobgoblins
  10 kobolds
  5 quokkas
  2 bats
  3 frilled lizards
  25 rats
96 creatures vanquished.

Vanquished Creatures (others)
  7 plants (D:1)
7 creatures vanquished.

Grand Total: 103 creatures vanquished

Notes
Turn   | Place    | Note
-------+----------+-------------------------------------------
     0 | D:1      | xian the Minotaur Wanderer began the quest for the Orb.
     0 | D:1      | xian set off with the following items: a +0 club, a potion
                  | of curing, a potion of mutation, a +0 leather armour, a
                  | scroll of teleportation; and the following spell memorised:
                  | Sting; and the following spells available to memorise:
                  | Spider Form, Ice Form.
     0 | D:1      | Reached XP level 1. HP: 16/16 MP: 1/1
   542 | D:1      | Reached XP level 2. HP: 12/23 MP: 0/2
   980 | D:1      | Reached skill level 1 in Armour
  1292 | D:1      | Reached XP level 3. HP: 22/28 MP: 3/3
  1556 | D:1      | Learned a level 3 spell: Spider Form
  1562 | D:1      | Found a faded altar of an unknown god.
  1876 | D:2      | Reached skill level 1 in Maces & Flails
  2626 | D:3      | Reached XP level 4. HP: 36/36 MP: 4/4
  3219 | D:3      | Reached XP level 5. HP: 31/41 MP: 5/5
  3395 | D:3      | Noticed Robin
  3401 | D:3      | Killed Robin
  3402 | D:3      | Reached skill level 1 in Shields
  3863 | D:4      | Found a staircase to the Ecumenical Temple.
  3872 | Temple   | Entered the Ecumenical Temple
  4037 | D:4      | Found Ytyuhi's Book Shop.
  4165 | D:4      | Noticed a centaur
  4179 | D:4      | Killed a centaur
  4185 | D:4      | Reached XP level 6. HP: 17/48 MP: 6/6
  4663 | D:4      | Found an opulent altar of Gozag.
  5088 | D:4      | Noticed an ice beast
  5099 | D:4      | Mangled by an ice beast

Illustrated notes

Levels and vault maps discovered:
D:1:      dpeg_chamrin_arrival_tetris, layout_loops_ring,
          hellmonk_ecumenical_altar_inner_sanctum, grunt_decor_one_mirror,
          nicolae_grassy_gnolls
D:2:      kennysheep_six_static_rooms, layout_basic
D:3:      layout_basic, minivault_14, chequers_serial_rivers_marsh,
          minmay_rat_hole, uniq_robin
D:4:      layout_loops_ring, mainiacjoe_overflow_six_doors_small,
          minmay_temple_entry_large_hall, serial_shops,
          nicolae_shop_advertising_works [nicolae_subvault_shop_adworks],
          minmay_manual_moon
Temple:   eino_temple_lava

Skill      XL: |  1  2  3  4  5  6 |
---------------+-------------------+-----
Armour         | 1 2 |  2.8
Maces & Flails | 1 2 |  2.8
Dodging        | 2 3 |  3.1
Shields        | 2 |  2.3
Fighting       | 2 |  2.2
Short Blades   | |  0.8
Stealth        | |  0.3
Unarmed Combat | |  2.7
Spellcasting   | |  1.3
Transmutations | |  3.7
Poison Magic   | |  0.2
Evocations     | |  1.0

Action                   |  1- 3 |  4- 6 || total
-------------------------+-------+-------++-------
Melee: Club              |   102 |       ||   102
       Headbutt          |    18 |    21 ||    39
       Flail             |    28 |    23 ||    51
       Punch             |     2 |     3 ||     5
       Dagger            |       |   118 ||   118
       Unarmed           |       |    12 ||    12
Throw: Dart              |       |     1 ||     1
 Cast: Sting             |     3 |     5 ||     8
       Spider Form       |       |     1 ||     1
  Use: Scroll            |       |     2 ||     2
       Potion            |       |     2 ||     2
Armor: Leather armour    |    34 |    21 ||    55
Dodge: Dodged            |    75 |    67 ||   142
Block: Other             |    32 |    34 ||    66
       Reflection        |       |     2 ||     2
